AoeStats
← fermaho12

Arena

509818920Analyzed
1v1 RM · 5d ago on Sep 28, 2026· 38m 55s· 2 players
Game mode
Random Map
Map size
Tiny (2 player)
Population
200
Speed
Normal
Resources
Standard
Victory
Conquest
Starting age
Dark Age
Ending age
Imperial Age
RankedLock teamsTeams togetherTeam positionsShared explorationLock speedFull tech treeHidden civsTurbo modeCheats
Victory
Defeat
🇺🇸 Danes · United States
1074
+18
🇧🇴 Hindustanis · Bolivia
1107
-18
NoobWithATube
11:18 Feudal Age
12:57 Double-Bit Axe
15:45 Castle Age
13:49 Horse Collar
17:51 Bow Saw
18:12 Scale Mail Armor
18:24 Forging
24:54 Devotion
26:57 Wheelbarrow
26:10 Loom
26:24 Arson
27:28 Squires
28:08 Chain Mail Armor
27:52 Gold Mining
27:56 Stone Mining
28:13 Heavy Plow
28:42 Forging
29:16 Hand Cart
34:51 Imperial Age
32:40 Town Watch
33:44 Gold Shaft Mining
33:45 Stone Shaft Mining
34:21 Ballistics
34:11 Masonry
33:57 Murder Holes
34:53 Town Patrol
36:05 Iron Casting
35:22 Fletching
37:01 Chemistry
36:06 Siege Engineers
36:26 Conscription
35:26 Elite Jomsviking
37:04 Plate Mail Armor
37:38 Hoardings
38:58 Blast Furnace
37:53 Bodkin Arrow
38:14 Hamask
fermaho12
9:47 Feudal Age
12:04 Loom
16:41 Castle Age
17:48 Pikeman
18:52 Forging
21:56 Town Watch
25:50 Scale Mail Armor
26:22 Double-Bit Axe
26:24 Horse Collar
27:47 Chain Mail Armor
27:42 Squires
28:44 Gold Mining
31:00 Wheelbarrow
31:33 Bow Saw
33:35 Iron Casting
33:23 Heavy Plow
33:14 Crossbowman
34:01 Thumb Ring
33:49 Fletching
38:26 Imperial Age
36:21 Hand Cart
38:41 Gold Shaft Mining
38:02 Stone Mining
Connection lost

Rejoining the realm…

Still unreachable

The connection could not be restored.

Session expired

The server has moved on; the page needs a fresh start.